 Dungeon Crawl Stone Soup version 0.23-a0-386-g9c9d49f (webtiles) character file.

222 Cryolive the Digger (level 5, -3/28 HPs)
             Began as a Gargoyle Earth Elementalist on Oct 28, 2018.
             Killed from afar by an orc wizard (13 damage)
             ... with a puff of frost
             ... on level 3 of the Dungeon.
             The game lasted 00:07:12 (2355 turns).

Cryolive the Digger (Gargoyle Earth Elementalist)   Turns: 2355, Time: 00:07:12

Health: -3/28      AC:  6    Str: 11    XL:     5   Next: 99%
Magic:  1/10       EV: 12    Int: 17    God:
Gold:   169        SH:  0    Dex: 10    Spells: 2/11 levels left

rFire    . . .     SeeInvis .   r - +0 morningstar
rCold    . . .     Gourm    .   (no shield)
rNeg     + . .     Faith    .   c - +0 robe
rPois    ∞         Spirit   .   (no helmet)
rElec    +         Reflect  .   (no cloak)
rCorr    .         Harm     .   (no gloves)
MR       .....                  (no boots)
Stlth    ++........             (no amulet)
HPRegen  0.09/turn              (no ring)
MPRegen  0.12/turn              (no ring)

@: no status effects
A: negative energy resistance 1, electricity resistance, unbreathing,
petrification resistance, rot immunity, AC +4
a: no special abilities


You were on level 3 of the Dungeon.
You were not hungry.

You visited 1 branch of the dungeon, and saw 3 of its levels.

You collected 169 gold pieces.

Inventory:

Hand Weapons
 r - a +0 morningstar (weapon)
Missiles
 b - 54 stones (quivered)
Armour
 c - a +0 robe (worn)
Wands
 l - a wand of random effects (32)
Scrolls
 e - 4 scrolls of remove curse {unknown}
 f - 4 scrolls of identify {unknown}
 i - a scroll of teleportation {unknown}
 k - a scroll of fog {unknown}
 n - a scroll of immolation {unknown}
 o - 2 scrolls of noise {unknown}
 p - a scroll of magic mapping {unknown}
 q - a scroll of enchant weapon {unknown}
Potions
 g - 2 potions of haste {unknown}
 h - 2 potions of curing {unknown}
 j - a potion of lignification {unknown}
 m - 2 potions of brilliance {unknown}
Comestibles
 a - 3 chunks of flesh
 d - 4 rations


   Skills:
 - Level 1.5 Dodging
 - Level 2.1 Stealth
 + Level 3.6 Spellcasting
 + Level 2.7 Conjurations
   Level 0.7 Transmutations
 + Level 5.5 Earth Magic
 + Level 0.4 Evocations


You had 2 spell levels left.
You knew the following spells:

 Your Spells              Type           Power        Failure   Level  Hunger
a - Sandblast             Erth           ###...       1%          1    None
b - Stone Arrow           Conj/Erth      ###...       9%          3    ###....
c - Lee's Rapid Deconstr  Erth           ###.......   43%         5    ######.

Your spell library contained the following spells:

 Spells                   Type           Power        Failure   Level  Hunger
 Passwall                 Tmut/Erth      ##......     7%          2    ##.....
 Petrify                  Tmut/Erth      ##......     41%         4    ####...


Dungeon Overview and Level Annotations

Branches:
Dungeon (3/15)

Altars:


Innate Abilities, Weirdness & Mutations

You are resistant to torment.
Your stone body is resilient. (AC +4)
You are immune to poison.
You resist negative energy. (rN+)
You are resistant to electric shocks. (rElec)
You can survive without breathing.
You are immune to petrification.
You are immune to rotting.


Message History

Aiming: Sandblast (safe; 1% risk of failure)
Press: ? - help, Shift-Dir - straight line, f/p - goblin
Aim: a goblin The blast of sand hits the goblin.
You kill the goblin!
b - 54 stones An orc comes into view.
Items here: ))) †† a +0 club x3; a dart slug corpse; a goblin corpse
Items here: ! )) [[ †† An orc wizard comes into view.
It is wielding a +0 dagger.
The orc wizard shouts!
The orc shouts!
You hear a shout!
An orc comes into view.
You barely miss the orc. The orc misses you.
You sock the orc!
You kill the orc!
The orc wizard points at you and mumbles some strange words.
The puff of frost hits you!
You die...

+.#.#gg)gw.....#
#..gg.####.....#
#...#.# #.....#
.g....###.#
###o### ⌠#.g# #.#
#.# #. #.# #o# .
#.# #.# #.. #[#
##. #@# #.# #.#
#.# #.# #.# #)#
#.# #g# ####.# #.#
#######....#####.#
.................#
...........#######


You could see an orc wizard, an orc and a hobgoblin.

Vanquished Creatures
  A bullfrog (D:2)
  Ijyb (D:3)
  Robin (D:3)
  3 gnolls (D:3)
  2 adders
  3 dart slugs
  7 leopard geckos
  An orc (D:3)
  A ball python (D:2)
  4 bats
  3 giant cockroaches
  14 goblins
  5 hobgoblins
  2 jackals (D:2)
  5 kobolds
  A quokka (D:2)
  7 frilled lizards
  4 rats (D:1)
65 creatures vanquished.

Notes
Turn   | Place    | Note
-------+----------+-------------------------------------------
     0 | D:1      | Cryolive the Gargoyle Earth Elementalist began the quest
                  | for the Orb.
     0 | D:1      | Reached XP level 1. HP: 10/10 MP: 3/3
    55 | D:1      | Reached XP level 2. HP: 5/15 MP: 0/5
    70 | D:1      | Reached skill level 4 in Earth Magic
   537 | D:1      | Reached XP level 3. HP: 19/19 MP: 3/6
   543 | D:1      | Learned a level 3 spell: Stone Arrow
  1030 | D:2      | Noticed a bullfrog
  1039 | D:2      | Killed a bullfrog
  1039 | D:2      | Reached skill level 1 in Conjurations
  1039 | D:2      | Reached XP level 4. HP: 14/24 MP: 0/8
  1435 | D:2      | Reached skill level 5 in Earth Magic
  1621 | D:2      | Reached XP level 5. HP: 24/28 MP: 9/9
  2183 | D:3      | Noticed Ijyb
  2200 | D:3      | Killed Ijyb
  2211 | D:3      | Learned a level 5 spell: Lee's Rapid Deconstruction
  2295 | D:3      | Noticed Robin
  2343 | D:3      | Killed Robin
  2355 | D:3      | Killed from afar by an orc wizard

Vault maps used:
D:1:      psy_arrival_radial01
D:2:      first_ration
D:3:      evilmike_ruin_ashenzari, uniq_robin, uniq_terence, uniq_ijyb

Skill      XL: |  1  2  3  4  5 |
---------------+----------------+-----
Earth Magic    | 4 5 |  5.5
Spellcasting   | 3 |  3.6
Conjurations   | 1 2 |  2.7
Dodging        | |  1.5
Stealth        | |  2.1
Transmutations | |  0.7
Evocations     | |  0.4

Action                   |  1- 3 |  4- 6 || total
-------------------------+-------+-------++-------
Melee: Club              |    66 |       ||    66
       Dagger            |    16 |    58 ||    74
       Morningstar       |       |    30 ||    30
 Cast: Sandblast         |     7 |    20 ||    27
       Stone Arrow       |     1 |       ||     1
 Stab: Sleeping          |     5 |     3 ||     8
  Eat: Chunk             |     1 |     4 ||     5
Armor: Robe              |    36 |    30 ||    66
Dodge: Dodged            |    53 |    83 ||   136

Table legend:
 A = Non-vault XP
 B = Vault XP
 C = Vault XP percentage of total XP
 D = Non-vault monster count
 E = Vault monster count
 F = Vault count percentage of total count
                 A         B        C        D         E       F
            +---------+---------+-------+---------+---------+-------
      Total |     245 |      73 |  23.0 |      52 |      13 |  20.0
            +---------+---------+-------+---------+---------+-------
        D:1 |      43 |       0 |   0.0 |      25 |       0 |   0.0
        D:2 |     136 |       0 |   0.0 |      20 |       0 |   0.0
        D:3 |      66 |      73 |  52.5 |       7 |      13 |  65.0
            +---------+---------+-------+---------+---------+-------
